 Dungeon Crawl Stone Soup version 0.27-a0-385-g3208abaabc (webtiles) character file.

Game seed: 7216656571691025607

14 snetch the Magician (level 2, -1/15 HPs)
             Began as a Deep Elf Hedge Wizard on Feb 19, 2021.
             Slain by a kobold
             ... wielding a +0 whip
              (5 damage)
             ... on level 1 of the Dungeon.
             The game lasted 00:02:09 (666 turns).

snetch the Magician (Deep Elf Hedge Wizard)          Turns: 666, Time: 00:02:09

Health: -1/15      AC:  2    Str:  7    XL:     2   Next: 31%
Magic:  1/10       EV: 13    Int: 18    God:
Gold:   28         SH:  0    Dex: 14    Spells: 6/11 levels left

rFire    . . .     SeeInvis .   a - +0 dagger
rCold    . . .     Faith    .   (no shield)
rNeg     . . .     Spirit   .   b - +0 robe
rPois    .         Reflect  .   c - +0 hat
rElec    .         Harm     .   (no cloak)
rCorr    .         Rampage  .   (no gloves)
Will     .....                  (no boots)
Stlth    ++........             (no amulet)
HPRegen  0.05/turn              (no ring)
MPRegen  0.12/turn              (no ring)

@: no status effects
A: no striking features
a: no special abilities


You were on level 1 of the Dungeon.
You visited 1 branch of the dungeon, and saw 2 of its levels.

You collected 28 gold pieces.

Inventory:

Hand Weapons
 a - a +0 dagger (weapon)
Missiles
 g - 2 stones
Armour
 b - a +0 robe (worn)
 c - a +0 hat (worn)
Potions
 d - a potion of brilliance {unknown}
 e - a potion of haste {unknown}
 f - 2 potions of invisibility {unknown}


   Skills:
 + Level 2.5 Dodging
 + Level 2.5 Stealth
 + Level 5.1 Spellcasting
 + Level 1.2 Conjurations
 + Level 1.3 Summonings
 + Level 1.1 Translocations


You had 6 spell levels left.
You knew the following spells:

 Your Spells              Type           Power        Failure   Level
a - Magic Dart            Conj           36%          8%          1
b - Blink                 Tloc           N/A          13%         2
c - Call Imp              Summ           9%           12%         2

Your spell library contained the following spells:

 Spells                   Type           Power        Failure   Level
 Slow                     Hex            4%           21%         2
 Conjure Flame            Conj/Fire      6%           30%         3
 Mephitic Cloud           Conj/Pois/Air  6%           32%         3


Dungeon Overview and Level Annotations

Branches:
Dungeon (2/15)

Altars:


Message History

The goblin hits your crimson imp with a +0 club.
The giant cockroach closely misses you.
Your crimson imp hits the giant cockroach.
Your crimson imp barely misses the goblin.
The kobold hits you with a +0 whip.
Your magical contamination has completely faded away.
You are too injured to fight recklessly!
Unknown command.
You are too injured to fight recklessly!
Unknown command.
You hit the giant cockroach but do no damage.
The giant cockroach is severely wounded.
The giant cockroach closely misses you.
Your crimson imp misses the giant cockroach.
The goblin hits your crimson imp with a +0 club.
Your crimson imp hits the goblin.
The goblin dies!
The kobold barely misses you. The giant cockroach barely misses you.
You hit the giant cockroach but do no damage.
The giant cockroach is severely wounded.
Your crimson imp blinks!
The giant cockroach bites you.
* * * LOW HITPOINT WARNING * * *
The kobold hits you with a +0 whip.
* * * LOW HITPOINT WARNING * * *
Your crimson imp blinks!
Aiming: Magic Dart (safe; 8% risk of failure)
Press: ? - help, Q - select action, (/) - cycle Shift-Dir - straight line, f/p - kobold
Aim: a kobold, wielding a +0 whip (moderately wounded, 0% to evade)
The magic dart hits the kobold but does no damage.
The kobold is moderately wounded.
The giant cockroach closely misses you. The kobold misses you.
Aiming: Magic Dart (safe; 8% risk of failure)
Press: ? - help, Q - select action, (/) - cycle Shift-Dir - straight line, f/p - kobold
Aim: a kobold, wielding a +0 whip (moderately wounded, ally target, 0% to evade)
The magic dart hits the kobold but does no damage.
The kobold is moderately wounded.
The giant cockroach bites you but does no damage.
The kobold hits you with a +0 whip.
You die...

####### . #########.....#
.. ..............#
...###############......###
.........# #.........
....5....### #.......##
....!....K.#######.......#.
^..(....lB@......'.........
#.......)5.#######...###.#.
#[.........# #...###.#.
#........### #....##.##
#........# #....##...
#........# ####..####
#...)..... ##.# #.........
#.## #..#


You could see a giant cockroach (ally target), a kobold (ally target), a frilled
lizard and 2 friendly crimson imps.

Vanquished Creatures
  A bat (D:1)
  2 giant cockroaches (D:1)
  3 goblins (D:1)
  2 frilled lizards (D:1)
  2 kobolds (D:1)
  A rat (D:1)
11 creatures vanquished.

Vanquished Creatures (collateral kills)
  A goblin (D:1)
  A hobgoblin (D:1)
2 creatures vanquished.

Grand Total: 13 creatures vanquished

Notes
Turn   | Place    | Note
-------+----------+-------------------------------------------
     0 | D:1      | snetch the Deep Elf Hedge Wizard began the quest for the
                  | Orb.
     0 | D:1      | Reached XP level 1. HP: 10/10 MP: 7/7
   470 | D:1      | Reached skill level 5 in Spellcasting
   470 | D:1      | Reached XP level 2. HP: 15/15 MP: 6/10
   516 | D:1      | Learned a level 2 spell: Blink
   519 | D:1      | Learned a level 2 spell: Call Imp
   666 | D:1      | Slain by a kobold

Illustrated notes

Levels and vault maps discovered:
D:1:      mrwooster_arrival_statue_2, layout_basic
D:2:      layout_basic, tso_metal_star

Skill      XL: |  1 |
---------------+----+-----
Spellcasting   | 5 |  5.1
Dodging        | |  2.5
Stealth        | |  2.5
Conjurations   | |  1.2
Summonings     | |  1.3
Translocations | |  1.1

Action                   || total
-------------------------++-------
Melee: Dagger            ||     2
 Cast: Magic Dart        ||    38
       Call Imp          ||     3
Armor: Robe              ||     4
Dodge: Dodged            ||    12

Table legend: (Time is in decaauts)
 A = Elapsed time spent in this place.
 B = Non-inter-level travel time spent in this place.
 C = Inter-level travel time spent in this place.
 D = Time resting spent in this place.
 E = Time spent auto-exploring this place.
 F = Levels seen in this place.
 G = Mean time per level.
                   A        B        C        D        E       F      G
               +--------+--------+--------+--------+--------+-----+--------+
         Total |    667 |    667 |      0 |      0 |    510 |   2 |  333.5 |
       Dungeon |    667 |    667 |      0 |      0 |    510 |   2 |  333.5 |
               +--------+--------+--------+--------+--------+-----+--------+

Top non-repeatable levels by time:
     D:1: 663 daAuts
     D:2: 4 daAuts
